 Dungeon Crawl Stone Soup version 0.28-a0-1038-g9c4cb8273d (webtiles) character file.

Game seed: 2436037691921706402

158 garrulousMonolith the Chopper (level 5, -2/47 HPs)
             Began as a Hill Orc Fighter on Dec 9, 2021.
             Slain by Grinder (6 damage)
             ... on level 3 of the Dungeon.
             The game lasted 00:03:30 (2592 turns).

garrulousMonolith the Chopper (Hill Orc Fighter)    Turns: 2592, Time: 00:03:30

Health: -2/47      AC:  8    Str: 19    XL:     5   Next: 39%
Magic:  6/6        EV:  9    Int: 10    God:
Gold:   64         SH:  4    Dex: 10    Spells: 4/4 levels left

rFire   . . .      SeeInvis .   a - +0 war axe
rCold   . . .      Faith    .   c - +0 buckler
rNeg    . . .      Spirit   .   b - +0 scale mail
rPois   .          Reflect  .   k - +1 hat
rElec   .          Harm     .   (no cloak)
rCorr   .          Rampage  .   (no gloves)
Will    .....                   (no boots)
Stlth   ..........              (no amulet)
HPRegen 0.15/turn               (no ring)
MPRegen 0.10/turn               (no ring)

@: mighty
A: no striking features
a: no special abilities


You were on level 3 of the Dungeon.
You visited 1 branch of the dungeon, and saw 3 of its levels.

You collected 64 gold pieces.

Inventory:

Hand Weapons
 a - a +0 war axe (weapon)
 i - a +0 halberd
Armour
 b - a +0 scale mail (worn)
 c - a +0 buckler (worn)
 k - a +1 hat (worn)
Scrolls
 f - a scroll of silence {unknown}
 g - a scroll of identify {unknown}
 j - a scroll of magic mapping {unknown}
Potions
 d - a potion of might
 e - a potion of lignification {unknown}
 h - a potion of attraction {unknown}
 l - a potion of heal wounds {unknown}
 n - a potion of haste {unknown}
 o - a potion of berserk rage {unknown}


   Skills:
 + Level 4.3 Fighting
 * Level 4.6 Axes
 + Level 4.0 Armour
 + Level 3.9 Shields
 + Level 2.4 Invocations


You had 4 spell levels left.
You didn't know any spells.
Your spell library was empty.

Dungeon Overview and Level Annotations

Branches:
Dungeon (3/15)

Altars:
Zin

Annotations:
D:3 Grinder


Message History

You completely miss the frilled lizard. Grinder completely misses you.
The frilled lizard misses you.
You barely miss Grinder.
Grinder is heavily wounded.
You miss the frilled lizard. Grinder gestures at you.
Pain shoots through your body! The frilled lizard closely misses you.
You closely miss Grinder.
Grinder is heavily wounded.
You miss the frilled lizard.
Grinder looks more healthy.
Grinder blinks!
The frilled lizard closely misses you. The frilled lizard barely misses you.
Throw: dart (poison)
Press: ? - help, Q - select action Shift-Dir - straight line, f/p - Grinder
Aim: Grinder (heavily wounded, 53% to hit)
You throw a poisoned dart. The poisoned dart hits Grinder.
Grinder is heavily wounded.
You block the frilled lizard's attack.
You closely miss Grinder.
Grinder is heavily wounded.
You miss the frilled lizard. Grinder hits you.
You writhe in agony.
You block the frilled lizard's attack.
You closely miss Grinder.
Grinder is heavily wounded.
You hit the frilled lizard.
You kill the frilled lizard!
Grinder hits you.
You writhe in agony.
* * * LOW HITPOINT WARNING * * *
You hit Grinder.
Grinder is heavily wounded.
Grinder blinks!
You feel very mighty all of a sudden.
You closely miss Grinder.
Grinder is heavily wounded.
Grinder blinks!
You closely miss Grinder.
Grinder is heavily wounded.
Grinder hits you!
* * * LOW HITPOINT WARNING * * *
You writhe in agony.
You die...

#.##...####....#
#..###.# #..# #.#
#..###.#
######+###......#
...$....##..#####
........#...#
....(((.#..##
......†5@..#
...........#
########...#
##..# #..# ..>.
..##. .## ..


You could see Grinder.

Vanquished Creatures
  A centaur skeleton (D:2)
  Jessica (D:2)
  6 gnolls
  An adder (D:3)
  5 bats
  An endoplasm (D:2)
  A giant cockroach (D:1)
  3 goblins
  6 hobgoblins
  6 kobolds
  2 quokkas
  2 ball pythons (D:1)
  A frilled lizard (D:3)
  3 rats
39 creatures vanquished.

Notes
Turn   | Place    | Note
-------+----------+-------------------------------------------
     0 | D:1      | garrulousMonolith the Hill Orc Fighter began the quest for
                  | the Orb.
     0 | D:1      | Reached XP level 1. HP: 19/19 MP: 1/1
   251 | D:1      | Reached XP level 2. HP: 27/27 MP: 2/2
   753 | D:2      | Found a glowing silver altar of Zin.
   781 | D:2      | Reached skill level 1 in Invocations
   791 | D:2      | Reached XP level 3. HP: 12/33 MP: 2/4
  1061 | D:1      | Reached XP level 4. HP: 38/40 MP: 5/5
  2112 | D:2      | Reached XP level 5. HP: 33/46 MP: 6/6
  2375 | D:2      | Noticed Jessica
  2388 | D:2      | Killed Jessica
  2566 | D:3      | Noticed Grinder
  2567 | D:3      | Paralysed by Grinder for 5 turns
  2592 | D:3      | Slain by Grinder

Illustrated notes

Levels and vault maps discovered:
D:1:      matt_arrival_refuge, layout_loops_ring
D:2:      layout_rooms, basic_altar, uniq_jessica
D:3:      layout_basic, gammafunk_ghost_nasty_kobolds, uniq_grinder

Skill      XL: |  1  2  3  4  5 |
---------------+----------------+-----
Axes           | 3 4 |  4.6
Invocations    | 1 2 |  2.4
Fighting       | 4 |  4.3
Armour         | 4 |  4.0
Shields        | |  3.9

Action                   |  1- 3 |  4- 6 || total
-------------------------+-------+-------++-------
Melee: War axe           |    71 |    57 ||   128
Throw: Dart              |       |    13 ||    13
  Use: Potion            |       |     1 ||     1
Armor: Scale mail        |    49 |    26 ||    75
Dodge: Dodged            |    35 |    34 ||    69
Block: Buckler           |    22 |    21 ||    43

Table legend: (Time is in decaauts)
 A = Elapsed time spent in this place.
 B = Non-inter-level travel time spent in this place.
 C = Inter-level travel time spent in this place.
 D = Time resting spent in this place.
 E = Time spent auto-exploring this place.
 F = Levels seen in this place.
 G = Mean time per level.
                   A        B        C        D        E       F      G
               +--------+--------+--------+--------+--------+-----+--------+
         Total |   2641 |   2411 |    230 |    707 |   1199 |   3 |  880.3 |
       Dungeon |   2641 |   2411 |    230 |    707 |   1199 |   3 |  880.3 |
               +--------+--------+--------+--------+--------+-----+--------+

Top non-repeatable levels by time:
     D:1: 1245 daAuts
     D:2: 1027 daAuts
     D:3: 368 daAuts
